 Dungeon Crawl Stone Soup version 0.20.1-1-g8b1a95d (webtiles) character file.

6213 Gargoyl the Cleaver (level 10, -8/90 HPs)
             Began as a Minotaur Abyssal Knight on Oct 19, 2017.
             Was a Priest of Lugonu.
             Mangled by a komodo dragon (24 damage)
             ... on level 9 of the Dungeon.
             The game lasted 00:16:13 (8550 turns).

Gargoyl the Cleaver (Minotaur Abyssal Knight)       Turns: 8550, Time: 00:16:14

Health: -8/90      AC: 18    Str: 16    XL:     10   Next: 61%
Magic:  15/15      EV:  9    Int: 11    God:    Lugonu [***...]
Gold:   547        SH:  0    Dex: 12    Spells: 9/9 levels left

rFire    . . .     SeeInvis .   g - +5 hand axe
rCold    . . .     Gourm    .   (no shield)
rNeg     . . .     Faith    .   o - +0 chain mail
rPois    .         Spirit   .   (helmet restricted)
rElec    .         Reflect  .   b - +0 cloak
rCorr    .         Harm     .   A - +0 pair of gloves
MR       .....     Clarity  +   (no boots)
Stlth    ..........             (no amulet)
Regen    0.3/turn               (no ring)
MPRegen  0.2/turn               (no ring)

@: no status effects
A: retaliatory headbutt, horns 2, rugged brown scales 1, thin metallic scales 1,
clarity, clever 1, high mp 1, sense surroundings 1, weak 1, wild magic 1
a: Depart the Abyss, Bend Space, Banish, Renounce Religion


You were on level 9 of the Dungeon.
You worshipped Lugonu.
Lugonu was most pleased with you.
You were not hungry.

You visited 1 branch of the dungeon, and saw 9 of its levels.
You visited the Abyss 1 time.

You collected 547 gold pieces.

Inventory:

Hand Weapons
 a - a +1 hand axe
 g - a +5 hand axe (weapon)
 y - a cursed -1 broad axe
Armour
 b - a +0 cloak (worn)
 o - a +0 chain mail (worn)
 A - a +0 pair of gloves (worn)
Jewellery
 j - an uncursed ring of flight
Wands
 t - a wand of digging (9/24)
 u - a wand of scattershot (0/9)
 w - a wand of flame (27/48)
 C - a wand of enslavement (0/24)
 D - a wand of disintegration (2/24)
 F - a wand of paralysis (13/24)
Scrolls
 h - a scroll of magic mapping
 n - 6 scrolls of identify
 v - a scroll of fog
 x - 2 scrolls of fear
 z - a scroll of teleportation
Potions
 e - 4 potions of brilliance
 f - a potion of heal wounds
 l - a potion of invisibility {unknown}
 m - a potion of ambrosia
 r - a potion of cancellation {unknown}
 s - 2 potions of magic {unknown}
 B - a potion of curing
 E - 2 potions of degeneration {unknown}
Books
 p - a book of Cantrips

   Spells                             Type                      Level
   a - Confusing Touch                Hexes                        1
   b - Animate Skeleton               Necromancy                   1
   c - Summon Small Mammal            Summoning                    1
   d - Apportation                    Translocation                1
Comestibles
 c - a bread ration
 d - 4 royal jellies
 k - 5 fruits
 q - 4 meat rations


   Skills:
 + Level 7.7 Fighting
 + Level 11.1 Axes
 * Level 11.1 Armour
 + Level 4.1 Dodging
 * Level 6.8 Invocations
 + Level 0.8 Evocations


You had 9 spell levels left.
You didn't know any spells.

Dungeon Overview and Level Annotations

Branches:
Dungeon (9/15)             Temple (0/1) D:6            Lair (0/6) D:9
    Orc: D:9-12

Altars:
Trog

Annotations:
D:8 Gargoyl's ghost, novice MiAK


Innate Abilities, Weirdness & Mutations

You reflexively headbutt those who attack you in melee.
You have a pair of horns on your head.
You are partially covered in rugged brown scales. (AC +1, +3% HP)
You are partially covered in thin metallic scales. (AC +2)
You possess an exceptional clarity of mind.
Your mind is acute. (Int +2)
You have an increased reservoir of magic. (+10% MP)
You passively map a small area around you.
You are weak. (Str -2)
Your spells are a little harder to cast, but a little more powerful.


Message History

The two-headed ogre hits you with a giant club!!
* * * LOW HITPOINT WARNING * * *
The two-headed ogre hits you with a giant spiked club.
* * * LOW HITPOINT WARNING * * *
You slash the two-headed ogre!
You kill the two-headed ogre!
Lugonu accepts your kill.
Your Axes skill increases to level 11!
Your Armour skill increases to level 11!
You hit the komodo dragon.
The komodo dragon is lightly wounded.
The komodo dragon completely misses you.
Press: ? - help, Shift-Dir - straight line, f - komodo dragon
Aim: a komodo dragon (chance to defeat MR: 71%)
You fail to use your ability.
The komodo dragon bites you but does no damage.
Press: ? - help, Shift-Dir - straight line, f/p - komodo dragon
Aim: a komodo dragon (chance to defeat MR: 71%)
You fail to use your ability.
The komodo dragon bites you!!
You die...

#.##.#####.#
#.##.......#
** *
#.##########
#.# *
.#####.## * ,
.........###.#
, *
..#####......#
##...###.# ,
#..@..# , , ,
##.l.## * , *
##)## , * #.#
,, #(# * *, *
, ##(## , ,
##...## ,....
##.....##
,,,...., * ,
#.......##
.....


You could see a komodo dragon.

Vanquished Creatures
  Erica (D:9)
  A two-headed ogre (D:9)
  Pikel (D:7)
  The ghost of Ge0ff the Gusty, a novice HuVM (D:6)
  Maurice (D:8)
  Prince Ribbit (D:7)
  Eustachio (D:5)
  Edmund (D:4)
  Grum (D:8)
  Menkaure (D:4)
  An orc warrior (D:6)
  2 ogres
  3 sky beasts
  A slave (D:7)
  4 phantoms
  4 wolves (D:8)
  A centaur (D:7)
  A crocodile (D:7)
  A big kobold (D:6)
  3 bullfrogs
  A water moccasin zombie (D:7)
  A scorpion (D:4)
  4 killer bees (D:8)
  4 wights (D:8)
  A crimson imp (D:6)
  A jelly (D:9)
  Crazy Yiuf (D:2)
  2 bullfrog skeletons
  6 orc priests
  6 hounds
  Jessica (D:2)
  4 iguanas
  6 orc wizards
  3 worker ants
  7 adders
  3 shadow imps
  An ooze (D:6)
  An adder skeleton (D:6)
  2 worms
  2 dart slugs
  2 leopard geckos
  30 orcs
  4 ball pythons
  2 giant cockroaches
  5 goblins
  5 hobgoblins
  7 jackals (D:9)
  7 quokkas
  2 bats
  9 frilled lizards
  A jackal skeleton (D:5)
  A jackal zombie (D:9)
  12 kobolds
  6 rats
181 creatures vanquished.

Vanquished Creatures (others)
  A slave (D:7)
  A leopard gecko (D:7)
  A goblin (D:2)
  14 plants (D:9)
17 creatures vanquished.

Grand Total: 198 creatures vanquished

Notes
Turn   | Place    | Note
-------+----------+-------------------------------------------
     0 | Abyss:1  | Gargoyl the Minotaur Abyssal Knight began the quest for the Orb.
     0 | Abyss:1  | Reached XP level 1. HP: 19/19 MP: 1/1
    37 | Abyss:1  | Noticed a small abomination
    39 | Abyss:1  | Gained mutation: You possess an exceptional clarity of mind. [potion of mutation]
    39 | Abyss:1  | Gained mutation: You have an increased reservoir of magic. (+10% MP) [potion of mutation]
    39 | Abyss:1  | Gained mutation: You are robust. (+10% HP) [potion of mutation]
    39 | Abyss:1  | Gained mutation: You can translocate small distances at will. [potion of mutation]
    58 | D:1      | Escaped the Abyss
   298 | D:1      | Reached XP level 2. HP: 29/29 MP: 2/2
   812 | D:2      | Reached * piety under Lugonu
   872 | D:2      | You fall through a shaft!
  1036 | D:3      | Reached XP level 3. HP: 33/36 MP: 4/4
  1248 | D:3      | Reached XP level 4. HP: 44/44 MP: 5/5
  1258 | D:2      | HP: 1/44 [orc/mace (7)]
  1442 | D:2      | Found a runed door.
  1483 | D:2      | Noticed Jessica
  1490 | D:2      | Killed Jessica
  1741 | D:2      | Noticed Crazy Yiuf
  1746 | D:2      | Killed Crazy Yiuf
  1816 | D:3      | Reached XP level 5. HP: 51/51 MP: 6/6
  2065 | D:3      | Noticed a phantom
  2108 | D:3      | Killed a phantom
  2108 | D:3      | Reached XP level 6. HP: 32/58 MP: 6/8
  2956 | D:4      | Noticed Edmund
  2971 | D:4      | Killed Edmund
  2971 | D:4      | Reached skill level 5 in Fighting
  2971 | D:4      | Reached skill level 5 in Axes
  2971 | D:4      | Reached skill level 5 in Armour
  3019 | D:4      | Reached XP level 7. HP: 54/67 MP: 9/9
  3040 | D:4      | Reached ** piety under Lugonu
  3710 | D:4      | Gained mutation: You are partially covered in rugged brown scales. (AC +1, +3% HP) [mutagenic meat]
  3711 | D:4      | Gained mutation: Scrolls take you a little longer to read. [mutagenic meat]
  3713 | D:4      | Gained mutation: You are partially covered in thin metallic scales. (AC +2) [mutagenic meat]
  3799 | D:4      | Noticed Menkaure
  3806 | D:4      | Killed Menkaure
  3806 | D:4      | Reached XP level 8. HP: 31/77 MP: 9/11
  4056 | D:5      | Entered Level 5 of the Dungeon
  4178 | D:5      | Noticed Eustachio
  4193 | D:5      | Killed Eustachio
  4572 | D:6      | Noticed Ge0ff's ghost (novice HuVM)
  4686 | D:6      | Killed Ge0ff's ghost
  5049 | D:6      | Found a staircase to the Ecumenical Temple.
  5269 | D:6      | Found a bloodstained altar of Trog.
  5457 | D:6      | Reached XP level 9. HP: 84/84 MP: 12/12
  5520 | D:6      | Reached *** piety under Lugonu
  6201 | D:7      | Noticed Prince Ribbit
  6207 | D:7      | Killed Prince Ribbit
  6207 | D:7      | Reached skill level 5 in Invocations
  6379 | D:7      | Noticed Pikel
  6405 | D:7      | Killed Pikel
  6681 | D:8      | Reached skill level 10 in Axes
  6874 | D:8      | Noticed Gargoyl's ghost (novice MiAK)
  7133 | D:9      | Lost mutation: Scrolls take you a little longer to read. [potion of mutation]
  7133 | D:9      | Lost mutation: You are robust. (+10% HP) [potion of mutation]
  7133 | D:9      | Lost mutation: You can translocate small distances at will. [potion of mutation]
  7133 | D:9      | Gained mutation: You are weak. (Str -2) [potion of mutation]
  7133 | D:9      | Gained mutation: You passively map a small area around you. [potion of mutation]
  7133 | D:9      | Gained mutation: Your mind is acute. (Int +2) [potion of mutation]
  7133 | D:9      | Gained mutation: Your spells are a little harder to cast, but a little more powerful. [potion of mutation]
  7382 | D:9      | Reached XP level 10. HP: 65/88 MP: 14/14
  7525 | D:8      | Noticed Maurice
  7547 | D:8      | Killed Maurice
  7547 | D:8      | Reached skill level 10 in Armour
  7619 | D:8      | Noticed Grum
  7640 | D:8      | Killed Grum
  7852 | D:8      | Reached **** piety under Lugonu
  8208 | D:9      | Noticed Erica
  8222 | D:9      | Killed Erica
  8519 | D:9      | Found a staircase to the Lair.
  8521 | D:9      | Noticed a two-headed ogre
  8546 | D:9      | Killed a two-headed ogre
  8550 | D:9      | Mangled by a komodo dragon

Skill      XL: |  1  2  3  4  5  6  7  8  9 10 |
---------------+-------------------------------+-----
Invocations    | 2 3 4 6 |  6.8
Fighting       | 4 5 6 7 |  7.7
Axes           | 3 4 5 6 8 10 11 | 11.1
Dodging        | 2 3 4 |  4.1
Armour         | 3 4 5 6 8 9 11 | 11.1
Evocations     | |  0.8

Action                   |  1- 3 |  4- 6 |  7- 9 | 10-12 || total
-------------------------+-------+-------+-------+-------++-------
Melee: Hand axe          |    50 |   142 |   363 |    76 ||   631
       Headbutt          |     5 |    18 |    56 |    13 ||    92
Throw: Javelin           |       |       |       |     2 ||     2
Invok: Depart the Abyss  |     1 |       |       |       ||     1
Evoke: Wand              |       |       |     4 |       ||     4
  Use: Potion            |     1 |     1 |     4 |       ||     6
       Scroll            |       |     7 |     3 |     2 ||    12
  Eat: Chunk             |     1 |     6 |    13 |     4 ||    24
       Bread ration      |       |       |     1 |       ||     1
Armor: Leather armour    |    18 |       |       |       ||    18
       Ring mail         |       |    20 |       |       ||    20
       Chain mail        |       |    42 |   193 |    53 ||   288
Dodge: Dodged            |    36 |    93 |   143 |    38 ||   310
